 Dungeon Crawl Stone Soup version 0.26-a0-708-g17f3b190f9 (webtiles) character file.

Game seed: 16437785615227072606

127 Forecaster the Stinger (level 5, -4/42 HPs)
             Began as a Naga Venom Mage on Oct 27, 2020.
             Was an Initiate of Fedhas.
             Slain by a worm (8 damage)
             ... on level 3 of the Dungeon on Oct 28, 2020.
             The game lasted 00:12:11 (3214 turns).

Forecaster the Stinger (Naga Venom Mage)            Turns: 3214, Time: 00:12:11

Health: -4/42      AC:  6    Str: 10    XL:     5   Next: 11%
Magic:  0/9        EV:  8    Int: 16    God:    Fedhas [......]
Gold:   186        SH:  0    Dex: 12    Spells: 7/10 levels left

rFire    . . .     SeeInvis +   d - +0 dagger
rCold    . . .     Faith    .   (no shield)
rNeg     . . .     Spirit   .   a - +0 robe
rPois    +         Reflect  .   (no helmet)
rElec    .         Harm     .   (no cloak)
rCorr    .         Rampage  .   (no gloves)
MR       .....                  l - +0 barding
Stlth    ++........             (no amulet)
HPRegen  0.14/turn              (no ring)
MPRegen  0.11/turn              (no ring)

@: mighty, very slow
A: large, see invisible, deformed body, poison resistance, slowness 2, spit
poison 1, AC +1
a: Spit Poison, Renounce Religion


You were on level 3 of the Dungeon.
You worshipped Fedhas.
Fedhas was noncommittal.
You visited 1 branch of the dungeon, and saw 3 of its levels.

You collected 186 gold pieces.

Inventory:

Hand Weapons
 c - a +0 dagger
 d - a +0 dagger (weapon)
 k - a +0 dagger
Armour
 a - a +0 robe (worn)
 l - a +0 barding (worn)
 m - a +0 robe
Scrolls
 b - a scroll of magic mapping {unknown}
 e - 3 scrolls of identify {unknown}
 g - 3 scrolls of remove curse {unknown}
 h - 3 scrolls of teleportation {unknown}
 i - a scroll of enchant weapon {unknown}
 n - a scroll of random uselessness {unknown}
 o - a scroll of amnesia {unknown}
Potions
 f - a potion of might
 j - a potion of haste {unknown}


   Skills:
 + Level 0.1 Fighting
 + Level 0.1 Short Blades
 + Level 1.7 Dodging
 + Level 3.2 Stealth
 + Level 3.3 Spellcasting
 + Level 1.3 Transmutations
 + Level 1.7 Air Magic
 + Level 5.2 Poison Magic


You had 7 spell levels left.
You knew the following spells:

 Your Spells              Type           Power        Failure   Level
a - Sting                 Tmut/Pois      ##..         4%          1
b - Poisonous Vapours     Pois/Air       ##....       7%          2

Your spell library contained the following spells:

 Spells                   Type           Power        Failure   Level
 Ignite Poison            Fire/Tmut/Pois #.......     22%         3
 Mephitic Cloud           Conj/Pois/Air  ##......     22%         3
 Olgreb's Toxic Radiance  Pois           ###.....     22%         4


Dungeon Overview and Level Annotations

Branches:
Dungeon (3/15)

Altars:
Fedhas
Vehumet


Innate Abilities, Weirdness & Mutations

You cannot wear boots.
Your serpentine skin is tough. (AC +1)
You have supernaturally acute eyesight. (SInv)
Armour fits poorly on your strangely shaped body.
Your system is resistant to poisons. (rPois)
You cover ground very slowly.
You can spit poison.


Message History

You hit the worm but do no damage.
The worm is almost dead.
You hit the worm but do no damage.
The worm is almost dead.
The worm bites you!
* * * LOW HITPOINT WARNING * * *
Casting: Poisonous Vapours (safe; 7% risk of failure)
Confirm with . or Enter, or press ? or * to list all spells.
Aiming: Sting (safe; 4% risk of failure)
Press: ? - help, Shift-Dir - straight line, f/p - worm
Aim: a worm (severely wounded)
The sting misses the worm.
The worm bites you.
* * * LOW HITPOINT WARNING * * *
You hit the worm but do no damage.
The worm is severely wounded.
It was a potion of might.
You feel very mighty all of a sudden. The worm bites you!
You die...
Fedhas appreciates your contribution to the ecosystem.

###.####.## .....##.w##.#
##.........###.# #.##....!####
..#.##........# #.###.......#
..........#.###...w.......# #+#
#.#....).......###.#####.# #.#
#......#.#####.# #.# .....
.###.###..##.##.#####.# #.# .##.#
.###_..'.######..w....# #..
.###.###.# #..@###### #.. . #.#
#.# #...# #.###. .###'###.# #...#
#.# #.## .........# #...#
..###..## .†.###..######...####.
...<..## .[####.##.............#
#.##.## ........................
#...... .....#.##.............
#.##.##.##
..##.#.#######...####.##.........


You could see a worm.

Vanquished Creatures
  Terence (D:2)
  Robin (D:2)
  An adder (D:2)
  2 oozes (D:2)
  2 worms
  A dart slug (D:1)
  2 leopard geckos
  3 giant cockroaches
  13 goblins
  10 hobgoblins
  6 kobolds
  2 quokkas (D:3)
  2 ball pythons
  7 bats
  4 frilled lizards
  2 rats (D:3)
59 creatures vanquished.

Vanquished Creatures (others)
  3 fungi (D:3)
  2 plants (D:3)
5 creatures vanquished.

Grand Total: 64 creatures vanquished

Notes
Turn   | Place    | Note
-------+----------+-------------------------------------------
     0 | D:1      | Forecaster the Naga Venom Mage began the quest for the Orb.
     0 | D:1      | Reached XP level 1. HP: 15/15 MP: 3/3
   295 | D:1      | Reached XP level 2. HP: 22/22 MP: 1/5
   453 | D:1      | Learned a level 2 spell: Poisonous Vapours
   583 | D:1      | Upgraded the game from 0.26-a0-707-g31817bcca1 to
                  | 0.26-a0-708-g17f3b190f9
   985 | D:1      | Reached XP level 3. HP: 28/28 MP: 3/6
  1744 | D:2      | Reached skill level 5 in Poison Magic
  1802 | D:2      | Noticed Terence
  1807 | D:2      | Killed Terence
  1807 | D:2      | Reached skill level 1 in Air Magic
  1807 | D:2      | Reached XP level 4. HP: 36/36 MP: 0/8
  1907 | D:2      | Noticed Robin
  1932 | D:2      | Killed Robin
  2153 | D:2      | Found a faded altar of an unknown god.
  2665 | D:3      | Found a blossoming altar of Fedhas.
  2700 | D:3      | Became a worshipper of Fedhas Madash
  2781 | D:3      | Reached XP level 5. HP: 42/42 MP: 2/9
  3149 | D:3      | Found a radiant altar of Vehumet.
  3214 | D:3      | Slain by a worm

Illustrated notes

Levels and vault maps discovered:
D:1:      roderic_octagonal_star, layout_rooms
D:2:      layout_basic, chequers_ecumenical_altar_simple_redux, uniq_terence,
          uniq_robin
D:3:      layout_loops_cross, lemuel_doored_altar, minmay_hedge_maze,
          minmay_tree_intersection, fedhas_altar_3

Skill      XL: |  1  2  3 |
---------------+----------+-----
Poison Magic   | 5 |  5.2
Spellcasting   | 3 |  3.3
Air Magic      | 1 |  1.7
Fighting       | |  0.1
Short Blades   | |  0.1
Dodging        | |  1.7
Stealth        | |  3.2
Transmutations | |  1.3

Action                   |  1- 3 |  4- 6 || total
-------------------------+-------+-------++-------
Melee: Dagger            |    37 |    60 ||    97
       Unarmed           |     1 |       ||     1
 Cast: Sting             |    12 |     2 ||    14
       Poisonous Vapours |    27 |    37 ||    64
 Abil: Spit Poison       |     1 |       ||     1
  Use: Potion            |       |     2 ||     2
Armor: Robe              |     3 |     4 ||     7
       Skin              |       |    20 ||    20
Dodge: Dodged            |    22 |    19 ||    41

Table legend: (Time is in decaauts)
 A = Elapsed time spent in this place.
 B = Non-inter-level travel time spent in this place.
 C = Inter-level travel time spent in this place.
 D = Time resting spent in this place.
 E = Time spent auto-exploring this place.
 F = Levels seen in this place.
 G = Mean time per level.
                   A        B        C        D        E       F      G
               +--------+--------+--------+--------+--------+-----+--------+
         Total |   3680 |   3631 |     49 |    773 |   2361 |   3 | 1226.7 |
       Dungeon |   3680 |   3631 |     49 |    773 |   2361 |   3 | 1226.7 |
               +--------+--------+--------+--------+--------+-----+--------+

Top non-repeatable levels by time:
     D:2: 1692 daAuts
     D:1: 1345 daAuts
     D:3: 643 daAuts
